 Dungeon Crawl Stone Soup version 0.28-a0-589-g333b8329f1 (webtiles) character file.

Game seed: 2281250790535611982

4 lawman0 the Insei (level 1, 0/17 HPs)
             Began as a Djinni Transmuter on Oct 3, 2021.
             Was a Follower of Qazlal.
             Slain by a quokka (2 damage)
             ... on level 1 of the Dungeon.
             The game lasted 00:00:49 (191 turns).

lawman0 the Insei (Djinni Transmuter)                Turns: 191, Time: 00:00:50

Health: 0/17       AC:  2    Str:  9    XL:     1   Next: 66%
Gold:   0          EV: 12    Int: 14    God:    Qazlal [*.....] SH:  1 Dex: 13

rFire   + + .      SeeInvis .     - Unarmed
rCold   x . .      Faith    .   (no shield)
rNeg    . . .      Spirit   .   a - +0 robe
rPois   ∞          Reflect  .   (no helmet)
rElec   .          Harm     .   (no cloak)
rCorr   .          Rampage  .   (no gloves)
Will    .....                   (boots unavailable)
Stlth   +.........              (no amulet)
HPRegen 0.05/turn               (no ring)
MPRegen 0.00/turn               (no ring)

@: flying
A: sickness immunity, fire resistance 2, cold vulnerability 1, float, innate
caster, hp casting, extra vitality 1
a: Renounce Religion


You were on level 1 of the Dungeon.
You worshipped Qazlal.
Qazlal was aware of your devotion.
You visited 1 branch of the dungeon, and saw 1 of its levels.

Inventory:

Missiles
 c - 3 poisoned darts (quivered)
Armour
 a - a +0 robe (worn)
Scrolls
 d - a scroll of amnesia {unknown}
Potions
 b - a potion of flight


   Skills:
 + Level 1.0 Fighting
 + Level 2.2 Dodging
 * Level 3.2 Unarmed Combat
 * Level 1.6 Spellcasting


You couldn't memorise any spells.
You knew the following spells:

 Your Spells              Type           Power      Damage    Failure   Level
a - Beastly Appendage     Tmut           10%        N/A       13%         1
b - Wereblood             Tmut           5%         N/A       19%         2
c - Spider Form           Tmut/Pois      2%         N/A       36%         3
d - Ice Form              Ice/Tmut       5%         N/A       77%         4
Your spell library was empty.

Dungeon Overview and Level Annotations

Branches:
Dungeon (1/15)

Altars:
Qazlal


Innate Abilities, Weirdness & Mutations

You are immune to sickness and miasma.
You are immune to poison.
Your flesh is very heat resistant. (rF++)
You are vulnerable to cold. (rC-)
You float through the air rather than walking.
You learn spells naturally, not from books.
Your magical power is your life essence.
You have superior vitality. (+4 HP)


Message History

A dart slug comes into view.
You barely miss the jackal.
The jackal bites you but does no damage.
The jackal bites you.
There are monsters nearby!
There are monsters nearby!
You hit the jackal but do no damage. Your headbutt misses the jackal.
The jackal bites you. The jackal closely misses you. The jackal bites you.
You closely miss the jackal. Your headbutt misses the jackal.
The jackal bites you but does no damage. x2
The jackal bites you. The jackal barely misses you.
You see here a bat corpse.
Casting: Beastly Appendage (safe; 13% risk of failure)
Confirm with . or Enter, or press ? or * to list all spells.
You extend your transformation's duration.
The jackal barely misses you.
You barely miss the jackal.
The jackal bites you but does no damage.
The jackal closely misses you.
You hit the jackal. Your punch misses the jackal.
The jackal is almost dead.
The jackal bites you.
You hit the jackal.
You kill the jackal!
Qazlal accepts your kill. The quokka bites you.
* * * LOW HITPOINT WARNING * * *
You miss the quokka. The quokka closely misses you.
It was a potion of flight.
You feel more buoyant. The quokka bites you.
* * * LOW HITPOINT WARNING * * *
Your horns disappear.
The quokka barely misses you. The quokka barely misses you.
The quokka misses you.
You see here 21 stones.
The quokka bites you.
You die...

#.......####
####.#.......^_#
....##......####
####.#.......#####
##)...........#
##.......###.#
#.......# #.#
#.####### #.# #.#
#@# #.# #r###
######.# #.#..
.......# #h#.#
######. #.#.# .###
#.#.# ...#
#.#.####.....##
#.w...........# .
###.####......#..


You could see a dart slug, a quokka and a jackal.

Vanquished Creatures
  A hobgoblin (D:1)
  A jackal (D:1)
  A bat (D:1)
  A kobold (D:1)
4 creatures vanquished.

Notes
Turn   | Place    | Note
-------+----------+-------------------------------------------
     0 | D:1      | lawman0 the Djinni Transmuter began the quest for the Orb.
     0 | D:1      | Reached XP level 1. HP: 17/17 MP: 0/0
   115 | D:1      | Found a faded altar of an unknown god.
   130 | D:1      | Became a worshipper of Qazlal Stormbringer
   130 | D:1      | Reached * piety under Qazlal
   191 | D:1      | Slain by a quokka

Illustrated notes

Levels and vault maps discovered:
D:1:      dpeg_arrival_round_a, layout_loops_ring,
          hellmonk_ecumenical_altar_leap_of_faith

Action                   || total
-------------------------++-------
Melee: Unarmed           ||    13
 Cast: Beastly Appendage ||     3
  Use: Potion            ||     1
Armor: Robe              ||     8
Dodge: Dodged            ||    12

Table legend: (Time is in decaauts)
 A = Elapsed time spent in this place.
 B = Non-inter-level travel time spent in this place.
 C = Inter-level travel time spent in this place.
 D = Time resting spent in this place.
 E = Time spent auto-exploring this place.
 F = Levels seen in this place.
 G = Mean time per level.
                   A        B        C        D        E       F      G
               +--------+--------+--------+--------+--------+-----+--------+
         Total |    190 |    190 |      0 |      0 |    118 |   1 |  190.0 |
       Dungeon |    190 |    190 |      0 |      0 |    118 |   1 |  190.0 |
               +--------+--------+--------+--------+--------+-----+--------+

Top non-repeatable levels by time:
     D:1: 190 daAuts
